Map: Kairos Junction LE

Players

Maru

  • Race: Terran Terran
  • Spawn Location: 5:00

Leenock - Winner!

  • Race: Zerg Zerg
  • Spawn Location: 11:00

Event: IEM Season 13: Katowice (2019)

VOD

Have the link to the VOD?

Description

Time

  • Played on: Feb. 28, 2019, 11:05 a.m.
  • Length: 11:13

All games in this series

Show
View Real Time Build Order
Export as new Build Order

Maru Terran 

Build Orders: Liberator Opening 

Get SALT Encoding   

  12  0:00  SCV  
  13  0:13  SCV  
  14  0:16  Supply Depot  
  14  0:25  SCV  
  15  0:31  Refinery  
  15  0:38  SCV  
  16  0:45  Barracks  
  16  0:50  SCV  
  17  1:02  SCV  
  18  1:14  SCV  
  20  1:32  Reaper, Orbital Command  
  20  1:44  Command Center  
  20  1:55  Factory  
  20  1:59  SCV  
  21  2:07  Barracks Reactor  
  21  2:11  SCV  
  21  2:13  Supply Depot  
  22  2:17  Refinery  
  22  2:23  SCV  
  23  2:35  SCV  
  24  2:43  Starport  
  24  2:48  Hellion x2  
  24  2:49  Marine  
  29  2:52  SCV  
  30  3:01  Orbital Command  
  30  3:04  SCV  
  31  3:06  Liberator  
  31  3:11  Hellion  
  33  3:15  Hellion  
  33  3:18  SCV  
  36  3:26  SCV  
  40  3:30  SCV  
  41  3:34  Supply Depot  
  41  3:42  Barracks Tech Lab, SCV x2  
  41  3:46  Hellion  
  45  3:50  Liberator  
  45  3:54  SCV  
  46  3:55  SCV  
  46  3:57  Supply Depot  
  46  3:58  Hellion  
  49  4:06  SCV  
  49  4:08  SCV  
  54  4:17  Barracks Tech Lab  
  54  4:19  SCV  
  54  4:22  Command Center  
  55  4:25  SCV  
  55  4:27  Supply Depot  
  55  4:31  SCV  
  57  4:33  Siege Tank  
  57  4:37  SCV  
  61  4:42  Marine  
  61  4:43  Stimpack  
  62  4:49  SCV x2  
  64  4:54  Barracks  
  64  4:55  Barracks  
  64  5:00  Engineering Bay  
  64  5:01  Engineering Bay, SCV  
  64  5:04  SCV  
  63  5:07  Siege Tank  
  63  5:08  Starport Reactor  
  63  5:12  Refinery  
  63  5:13  SCV  
  67  5:16  Marine  
  67  5:18  SCV  
  69  5:27  SCV  
  70  5:33  Supply Depot  
  70  5:34  SCV, Marine  
  70  5:35  Orbital Command  
  72  5:37  Terran Infantry Weapons Level 1  
  72  5:39  Terran Infantry Armor Level 1  
  72  5:40  Refinery  
  72  5:44  Marine x2  
  72  5:47  SCV  
  75  5:50  Supply Depot  
  75  5:51  Marine  
  75  5:53  Starport Reactor  
  75  5:54  Marine  
  77  5:57  Marine  
  77  5:58  SCV  
  77  6:02  Siege Tank, Marine x2  
  80  6:05  Orbital Command, SCV  
  80  6:09  Marine  
  80  6:10  SCV  
  83  6:12  Marine  
  83  6:13  Supply Depot  
  83  6:15  Marine  
  83  6:18  SCV  
  86  6:20  Marine x2  
  86  6:22  SCV  
  89  6:27  Marine  
  89  6:30  Medivac x2, SCV, Marine  
  89  6:32  SCV  
  97  6:33  Marine  
  97  6:34  SCV  
  97  6:36  Siege Tank  
  97  6:37  Marine  
  103  6:42  SCV, Supply Depot  
  103  6:44  SCV  
  103  6:46  Barracks  
  103  6:47  SCV  
  106  6:48  Barracks  
  107  6:54  SCV  
  107  6:56  SCV  
  107  6:59  SCV  
  109  7:03  Medivac x2, Marine x3  
  109  7:06  SCV  
  117  7:09  Armory, Supply Depot  
  117  7:10  Supply Depot  
  117  7:27  SCV x3  
  117  7:29  Marine x3  
  109  7:39  SCV x3, Marine x2  
  109  7:40  Marine x2  
  103  7:47  Marine  
  103  7:51  SCV x3  
  99  7:58  Combat Shield  
  92  8:03  SCV  
  92  8:04  SCV x2  
  84  8:05  Marine  
  84  8:06  Marine  
  84  8:08  Medivac  
  80  8:15  SCV  
  80  8:16  SCV x2  
  80  8:18  Barracks Reactor  
  80  8:19  Barracks Reactor  
  78  8:20  Siege Tank  
  78  8:26  Medivac  
  80  8:27  SCV  
  80  8:28  SCV x2  
  83  8:35  Marine x5  
  83  8:38  Medivac  
  83  8:39  Orbital Command, SCV  
  83  8:40  SCV  
  93  8:47  Orbital Command  
  90  8:51  SCV  
  90  8:52  SCV  
  90  8:53  Marine x5  
  87  8:56  Orbital Command  
  87  8:57  Marine x4  
  78  9:03  SCV  
  78  9:04  Orbital Command, SCV  
  80  9:10  Marine  
  80  9:11  Marine x4  
  80  9:15  SCV, Marine x3  
  80  9:16  SCV  
  91  9:28  SCV x2  
  91  9:29  Marine x3  
  91  9:31  SCV, Marine x3  
  95  9:40  Thor, SCV x2  
  95  9:43  SCV  
  95  9:44  Marine  
  95  9:45  Marine x2  
  100  9:47  Marine  
  100  9:52  Missile Turret, SCV x2  
  97  9:54  Marine  
  97  9:55  SCV  
  99  10:00  Missile Turret  
  99  10:04  SCV  
  99  10:05  SCV  
  101  10:07  SCV  
  101  10:11  Marine x5  
  107  10:16  SCV  
  107  10:17  SCV  
  107  10:19  SCV  
  107  10:26  Supply Depot  
  107  10:27  Supply Depot  
  107  10:28  SCV  
  108  10:29  SCV  
  108  10:31  SCV  
  108  10:35  Factory  
  109  10:40  SCV  
  109  10:41  SCV  
  109  10:42  Supply Depot  
  107  10:43  SCV, Supply Depot  
  107  10:48  Marine x3  
  105  10:52  SCV  
  105  10:53  SCV, Marine x4  
  118  10:58  Refinery  
  118  10:59  Refinery  
Show
View Real Time Build Order
Export as new Build Order

Leenock Zerg - Winner!

Build Orders: Hatch First, Muta Ling Bane 

Get SALT Encoding   

  12  0:00  Drone  
  13  0:12  Overlord  
  13  0:16  Drone  
  14  0:30  Drone x2  
  14  0:34  Drone  
  17  0:51  Hatchery  
  17  0:54  Drone  
  17  0:58  Drone  
  17  1:03  Extractor  
  17  1:13  Spawning Pool  
  17  1:15  Drone  
  17  1:19  Drone  
  18  1:28  Drone  
  19  1:38  Overlord  
  19  1:50  Drone  
  20  1:59  Queen  
  20  2:00  Zergling x2  
  23  2:03  Queen  
  23  2:04  Zergling x2  
  23  2:05  Metabolic Boost  
  26  2:10  Drone  
  26  2:14  Drone  
  28  2:21  Drone  
  29  2:25  Drone  
  29  2:26  Extractor  
  29  2:33  Drone  
  29  2:36  Drone  
  31  2:42  Hatchery  
  30  2:44  Drone  
  30  2:49  Queen  
  33  2:55  Overlord  
  33  2:57  Drone  
  34  3:00  Drone  
  34  3:05  Drone  
  36  3:08  Overlord  
  36  3:15  Drone x3  
  36  3:18  Drone  
  40  3:20  Drone  
  40  3:25  Queen  
  43  3:29  Queen  
  43  3:31  Drone  
  46  3:39  Drone  
  47  3:41  Drone  
  47  3:44  Drone  
  47  3:45  Drone x3  
  47  3:46  Overlord  
  52  3:55  Drone  
  53  3:58  Spore Crawler  
  53  4:00  Zergling x8  
  56  4:07  Overlord  
  56  4:08  Queen  
  57  4:10  Drone  
  57  4:12  Drone  
  57  4:13  Spore Crawler  
  57  4:16  Overlord  
  58  4:22  Drone  
  58  4:23  Drone x4  
  63  4:30  Spore Crawler  
  62  4:31  Zergling x2  
  62  4:34  Zergling x2  
  62  4:35  Zergling x2  
  65  4:38  Overlord  
  65  4:41  Drone x3  
  65  4:43  Evolution Chamber  
  65  4:45  Drone x2  
  69  4:48  Drone  
  69  4:50  Evolution Chamber  
  68  4:56  Drone  
  69  5:01  Drone  
  69  5:05  Drone  
  72  5:07  Drone x3  
  72  5:09  Overlord, Zerg Ground Armor Level 1, Drone  
  72  5:10  Lair  
  72  5:11  Drone  
  72  5:13  Extractor  
  72  5:14  Extractor, Overlord  
  75  5:15  Zerg Melee Weapons Level 1  
  73  5:31  Drone x2  
  73  5:32  Drone x8  
  73  5:35  Extractor  
  82  5:36  Extractor  
  82  5:39  Overlord  
  82  5:40  Drone x2  
  83  5:46  Drone  
  83  5:47  Drone x3  
  84  6:05  Zergling x18  
  84  6:08  Baneling Nest  
  84  6:10  Extractor  
  84  6:11  Spire  
  90  6:13  Drone  
  90  6:14  Hatchery  
  90  6:21  Drone  
  90  6:22  Drone x2  
  90  6:23  Queen  
  90  6:24  Pneumatized Carapace  
  95  6:27  Zergling x2  
  95  6:28  Zergling x6, Hatchery  
  98  6:37  Zergling x2  
  98  6:38  Zergling x12  
  103  6:41  Drone  
  103  6:44  Zergling x4  
  106  6:48  Zergling x4  
  106  6:52  Zergling x2  
  109  6:54  Centrifical Hooks, Zergling x2  
  109  6:55  Zergling x2  
  109  7:01  Zergling x4  
  112  7:03  Overlord  
  112  7:04  Zerg Ground Armor Level 2, Drone  
  113  7:15  Zergling x2  
  114  7:21  Overlord x2  
  114  7:22  Baneling x7  
  112  7:26  Zergling x4  
  112  7:27  Zergling x2  
  112  7:28  Zergling x2  
  115  7:30  Zergling x4  
  115  7:32  Zergling x14  
  120  7:39  Zergling x4  
  120  7:42  Zergling x2  
  120  7:43  Zerg Melee Weapons Level 2  
  119  7:45  Zergling x2  
  119  7:49  Zergling x4  
  119  7:50  Zergling x12  
  125  7:54  Zergling x2  
  124  7:59  Zergling x4  
  107  8:07  Zergling x2  
  107  8:08  Zergling x10  
  107  8:11  Baneling x7  
  104  8:16  Zergling x2  
  104  8:17  Zergling x10  
  108  8:26  Zergling x16  
  112  8:31  Drone  
  113  8:39  Burrow  
  113  8:41  Hatchery  
  112  8:48  Hatchery  
  110  8:51  Mutalisk x4  
  110  8:52  Mutalisk x5  
  122  8:58  Mutalisk  
  122  8:59  Mutalisk x2  
  124  9:03  Mutalisk x2  
  128  9:14  Mutalisk x4  
  131  9:18  Zerg Flyer Weapons Level 1  
  126  9:33  Zergling x8  
  126  9:34  Zergling x8  
  126  9:35  Baneling x4  
  126  9:36  Baneling x6  
  126  9:37  Baneling x2  
  126  9:38  Baneling  
  133  9:40  Zergling x2  
  135  9:45  Zergling x2  
  135  9:59  Drone x5  
  143  10:00  Drone x5  
  143  10:03  Drone  
  143  10:04  Overlord  
  143  10:05  Baneling x3  
  143  10:06  Baneling x15  
  145  10:14  Zergling x4  
  147  10:23  Zergling x16  
  153  10:30  Zergling x2  
  153  10:31  Zergling x2  
  153  10:33  Zergling x2  
  154  10:36  Zergling x2  
  154  10:43  Zergling x2  
  151  10:50  Overlord x3, Zergling x10  
  151  10:56  Infestation Pit  
  155  10:59  Baneling  

Tags
 
Add a new tag
Caveats
  • Supply blocks, unpowered buildings, or Contaminate may cause inaccurate times.
  • Supply counts are checked every 10 seconds.